[Event "Team 45 45 League T49"]
[Site "Internet Chess Club"]
[Date "2011.06.18"]
[Round "6"]
[White "AntonioMendonca"]
[Black "fishhead"]
[Result "0-1"]
[WhiteElo "1535"]
[BlackElo "1792"]
[Opening "Alekhine's defense: four pawns attack, fianchetto variation"]
[ECO "B02"]
[Time "18:00:29"]
[TimeControl "2700+45"]

1. e4 Nf6 2. e5 Nd5 3. c4 Nb6 4. d4 d6 5. f4 g6 6. Nf3 Bg7 7. Be2 O-O 8. O-O Nc6
9. d5 Nb4 10. a3 Na6 11. b4 Bg4 12. Bb2 e6 13. dxe6 Bxe6 14. Nbd2 c5 15. b5 Nc7
16. exd6 Bxb2 17. dxc7 Qxc7 18. Rb1 Bg7 19. g3 Rad8 20. Qc1 Rfe8 21. Ng5 Bf5 22.
Re1 Bxb1 23. Nxb1 Qd6 24. Bf3 Rxe1+ 25. Qxe1 Nxc4 26. Bxb7 Bd4+ 27. Kg2 Ne3+ 28.
Kf3 f5 29. Qa5 c4 30. Ne6 Bb6 31. Qe1 Qxe6 32. Nc3 Rd3 {White resigns} 0-1

[Event "Team 45 45 League T49"]
[Site "Internet Chess Club"]
[Date "2011.06.18"]
[Round "6"]
[White "ryan2chess"]
[Black "randallsr"]
[Result "0-1"]
[WhiteElo "1878"]
[BlackElo "1742"]
[Opening "French: Tarrasch"]
[ECO "C03"]
[Time "09:30:25"]
[TimeControl "2700+45"]

1. e4 e6 2. d4 d5 3. Nd2 Be7 4. Ngf3 dxe4 5. Nxe4 Nf6 6. Bd3 h6 7. O-O c6 8. Re1
Nxe4 9. Bxe4 Nd7 10. b3 Nf6 11. Ne5 Nxe4 12. Rxe4 Bf6 13. Bf4 O-O 14. c3 Qe7 15.
Ng4 Bg5 16. Qf3 f5 17. Bxg5 hxg5 18. Re5 fxg4 19. Qxg4 Qf6 20. f3 Qf4 21. Qxg5
Qxg5 22. Rxg5 Rf5 23. Rg4 Bd7 24. Re1 Kf7 25. Kf2 Rh8 26. h4 Kf6 27. Rge4 Rfh5
28. Rf4+ Ke7 29. Ree4 g5 30. hxg5 Rxg5 31. c4 Rh2 32. Rg4 Rxg4 33. Rxg4 Rh7 34.
Re4 Kf6 35. Rf4+ Ke7 36. Re4 Kd6 37. Re5 b6 38. b4 Rh4 39. Ke3 Rh2 40. Rg5 Rh1
41. a4 Rb1 42. b5 Rb3+ 43. Ke4 Rb4 44. Kd3 Rxa4 45. Kc3 cxb5 46. cxb5 a5 47.
bxa6 Rxa6 48. f4 Bc6 49. g4 Ra3+ 50. Kb4 Rd3 51. Kc4 Rf3 52. f5 b5+ 53. Kb4 exf5
54. gxf5 Rf4 55. Kc3 Bd7 56. Rg6+ Kd5 57. f6 Ke6 58. d5+ Kxd5 59. Rg7 Ke6 60.
Re7+ Kd6 61. Rf7 b4+ 62. Kb2 Be6 63. Rf8 Rf2+ 64. Kc1 Ke5 65. Rb8 b3 66. Rb5+
Kxf6 67. Kb1 Ke7 68. Kc1 Kd6 69. Kb1 Bc4 70. Rb4 Kc5 71. Rb8 Kd4 72. Rd8+ Kc3
73. Rd1 Bd3+ 74. Rxd3+ Kxd3 75. Kc1 Kc3 76. Kd1 b2 77. Ke1 Rh2 78. Kf1 b1=Q#
{White checkmated} 0-1

[Event "Team 45 45 League T49"]
[Site "Internet Chess Club"]
[Date "2011.06.20"]
[Round "6"]
[White "Signalman"]
[Black "Nikhil03"]
[Result "0-1"]
[WhiteElo "1561"]
[BlackElo "1705"]
[Opening "Sicilian defense"]
[ECO "B41"]
[Time "14:07:56"]
[TimeControl "2700+45"]

1. e4 c5 2. Nf3 e6 3. d4 cxd4 4. Qxd4 Nc6 5. Qe3 Nf6 6. Bd3 d5 7. Nbd2 Qc7 8. e5
Ng4 9. Qf4 Ngxe5 10. Nxe5 Nxe5 11. O-O Bd6 12. Qh4 Nxd3 13. cxd3 O-O 14. Nf3 e5
15. Bd2 Bf5 16. Rfc1 Qb6 17. Bc3 d4 18. Nxd4 exd4 19. Bxd4 Qd8 20. Qxd8 Rfxd8
21. Rc3 Bxh2+ 22. Kxh2 Rxd4 23. Rc5 Bxd3 24. Rac1 Rad8 25. Rc7 Be4 26. Re1 Bc6
27. Ree7 Rf4 28. g3 Rxf2+ 29. Kh3 g5 30. Kg4 Rd4+ 31. Kxg5 f6+ 32. Kh6 Rh2#
{White checkmated} 0-1

[Event "Team 45 45 League T49"]
[Site "Internet Chess Club"]
[Date "2011.06.18"]
[Round "6"]
[White "chicopee-ed"]
[Black "dinosaurs01"]
[Result "1-0"]
[WhiteElo "1363"]
[BlackElo "1460"]
[Opening "English: symmetrical variation"]
[ECO "A30"]
[Time "10:05:04"]
[TimeControl "2700+45"]

1. c4 c5 2. g3 Nf6 3. Bg2 e5 4. Nc3 d6 5. d3 Be6 6. Bxb7 Nbd7 7. Bxa8 Qxa8 8.
Nf3 Be7 9. e4 O-O 10. Ng5 h6 11. Nxe6 fxe6 12. Be3 Qe8 13. Qd2 Qg6 14. O-O-O a6
15. h3 Nh7 16. g4 Ng5 17. f4 Nf3 18. Qf2 Nd4 19. f5 Qf6 20. h4 exf5 21. gxf5 Qf7
22. Rdg1 Qh5 23. Qg3 Bf6 24. Qg4 Qf7 25. Bxh6 Kh7 26. Bg5 Rg8 27. Nd5 g6 28.
Nxf6+ Nxf6 29. Bxf6 Qxf6 30. Qg5 Qf7 31. fxg6+ Rxg6 32. Qh5+ Kg7 33. Qxg6+ Qxg6
34. Rxg6+ Kxg6 35. h5+ Kh6 36. Kd2 Nf3+ 37. Kc3 Nd4 38. Rh2 a5 39. b3 Nf3 40.
Rf2 Ng5 41. Rf6+ Kxh5 42. Rxd6 Nf7 43. Rc6 {Black resigns} 1-0

[Event "Team 45 45 League T49"]
[Site "Internet Chess Club"]
[Date "2011.06.18"]
[Round "6"]
[White "civilization"]
[Black "SugarIslander"]
[Result "1-0"]
[WhiteElo "1771"]
[BlackElo "1692"]
[Opening "Caro-Kann: two knights, 3...Bg4"]
[ECO "B11"]
[Time "15:02:06"]
[TimeControl "2700+45"]

1. e4 c6 2. Nc3 d5 3. Nf3 Bg4 4. h3 Bxf3 5. Qxf3 e6 6. exd5 exd5 7. d4 Be7 8.
Bd3 Nf6 9. O-O O-O 10. Bg5 Nbd7 11. a3 a5 12. Rfe1 Re8 13. Ne2 Ne4 14. Bxe7 Rxe7
15. Ng3 Ndf6 16. Bxe4 dxe4 17. Nxe4 Re6 18. c3 Qb6 19. Nxf6+ Rxf6 20. Qe2 Re6
21. Qc2 Rae8 22. Qd2 Qb3 23. Rxe6 Rxe6 24. Re1 Rxe1+ 25. Qxe1 g6 26. Qe8+ Kg7
27. Qe5+ Kf8 28. Qxa5 Qxb2 29. Qb4+ Qxb4 30. axb4 b5 31. Kf1 Ke7 32. Ke2 Ke6 33.
Kd3 Kd5 34. g3 h5 35. f3 g5 36. h4 f6 37. f4 gxh4 38. gxh4 f5 39. Ke3 Kc4 40.
Kd2 Kb3 41. Kd3 Ka3 42. Kc2 Ka2 43. Kd3 Kb3 44. d5 cxd5 45. Kd4 Kc2 46. Kxd5
Kxc3 47. Kc5 Kd3 48. Kxb5 Ke4 49. Kc5 Kxf4 50. b5 Kg4 51. b6 Kxh4 52. b7 Kg4 53.
b8=Q f4 54. Qb1 Kg3 55. Qg1+ Kf3 56. Kd4 h4 57. Kd3 h3 58. Qh2 Kg4 59. Ke4 f3
60. Ke3 {Black resigns} 1-0

[Event "Team 45 45 League T49"]
[Site "Internet Chess Club"]
[Date "2011.06.18"]
[Round "6"]
[White "oldsj"]
[Black "Theodulf"]
[Result "0-1"]
[WhiteElo "1540"]
[BlackElo "1668"]
[Opening "Petrov: Nimzovich attack"]
[ECO "C42"]
[Time "09:03:36"]
[TimeControl "2700+45"]

1. e4 e5 2. Nf3 Nf6 3. Nxe5 d6 4. Nf3 Nxe4 5. Nc3 Nxc3 6. dxc3 Be7 7. Be3 O-O 8.
Qd2 Nc6 9. O-O-O Be6 10. Kb1 Ne5 11. h3 Nc4 12. Bxc4 Bxc4 13. Nd4 a5 14. Nf5 Bf6
15. Bd4 Be6 16. Qd3 Bxd4 17. cxd4 Qf6 18. g4 Rfe8 19. Ng3 Bd5 20. Rhf1 Qe6 21.
b3 a4 22. c4 axb3 23. cxd5 bxa2+ 24. Ka1 Qxd5 25. Ne2 Qa5 26. Nc3 c5 27. Rd2 Qb6
28. Rb2 Qc7 29. Rxa2 Rxa2+ 30. Nxa2 c4 31. Qc3 b5 32. Re1 Ra8 33. Kb2 Qa7 34.
Nb4 h6 35. Kc2 Qb7 36. d5 Qb6 37. f3 Qf2+ 38. Qd2 Qxf3 39. Re3 Qf6 40. Kd1 Ra1+
41. Kc2 Qg6+ 42. Kb2 Qb1+ 43. Kc3 Qb3+ 44. Kd4 Rd1 45. Rxb3 Rxd2+ 46. Kc3 Rh2
47. Kd4 cxb3 {White resigns} 0-1

[Event "Team 45 45 League T49"]
[Site "Internet Chess Club"]
[Date "2011.06.18"]
[Round "6"]
[White "allanchs"]
[Black "rom1"]
[Result "0-1"]
[WhiteElo "1502"]
[BlackElo "1571"]
[Opening "Alekhine's defense: exchange variation"]
[ECO "B03"]
[Time "14:00:28"]
[TimeControl "2700+45"]

1. e4 Nf6 2. e5 Nd5 3. d4 d6 4. c4 Nb6 5. exd6 cxd6 6. Nc3 g6 7. Be3 Bg7 8. Rc1
Nc6 9. b3 O-O 10. Nge2 e5 11. g3 Bg4 12. d5 Nd4 13. Bg2 Nf3+ 14. Bxf3 Bxf3 15.
Rg1 f5 16. Qd2 a6 17. Bh6 Nd7 18. Bxg7 Kxg7 19. Qe3 Bxe2 20. Nxe2 Qf6 21. Kf1
Nc5 22. Kg2 f4 23. gxf4 exf4 24. Qf3 g5 25. Kh1 Kh8 26. Qc3 h6 27. f3 Rae8 28.
Rge1 Re3 29. Qxf6+ Rxf6 30. Rc3 Nd3 {White resigns} 0-1

[Event "Team 45 45 League T49"]
[Site "Internet Chess Club"]
[Date "2011.06.18"]
[Round "6"]
[White "smsxman"]
[Black "kingphisch"]
[Result "0-1"]
[WhiteElo "1313"]
[BlackElo "1503"]
[Opening "Caro-Kann defense"]
[ECO "B10"]
[Time "12:00:26"]
[TimeControl "2700+45"]

1. e4 c6 2. Nf3 d5 3. exd5 cxd5 4. d4 Nc6 5. Nc3 Nf6 6. Bb5 Bg4 7. O-O e6 8. Be3
Bd6 9. Be2 O-O 10. Nb5 Rc8 11. Nxd6 Qxd6 12. c3 a6 13. a3 b5 14. Qd2 Na5 15. Bf4
Qd8 16. Qd1 Nc4 17. Rb1 Re8 18. Bg5 h6 19. Bxf6 Qxf6 20. Re1 Bf5 21. Bd3 Bxd3
22. Qxd3 Qe7 23. Qd1 Qc7 24. Qc1 Na5 25. Qd1 Nc4 26. Qc1 Nd6 27. Nd2 Nc4 28. Nb3
Na5 29. Nc5 Qa7 30. b4 Nb7 31. Ra1 Nxc5 32. dxc5 Qc7 33. Qe3 e5 34. Qd2 Rcd8 35.
Rad1 a5 36. h3 axb4 37. cxb4 d4 38. Qd3 Qc6 39. f3 f6 40. Rd2 Re7 41. Qb3+ Kf8
42. Qc2 Kg8 43. Qb3+ Qe6 44. Qd3 Qc6 45. Qb3+ Kh8 46. Qd3 Ra7 47. Ra2 Re8 48.
Raa1 Rae7 49. Qf5 Qd5 50. Qd3 Qd7 51. Rad1 Qc6 52. Qf5 Qd5 53. Qd3 Rb8 54. Qb1
Ra7 55. Rd3 Qc4 56. Rc1 Qd5 57. Re1 Rba8 58. Qc1 Qc4 59. Qb1 Rxa3 60. Rxa3 Rxa3
61. Rc1 Rc3 62. Re1 d3 63. Re4 Qd5 64. Re1 d2 65. Rd1 Qd4+ 66. Kh1 Qc4 67. Qf5
Rc1 68. Qc8+ Qg8 69. Qd7 Rxd1+ 70. Kh2 Qb8 71. c6 Rc1 72. Qxd2 Rxc6 73. h4 Qd6
74. Qe2 Qxb4 75. g3 Qc4 76. Qe3 b4 77. Kh3 b3 78. h5 b2 79. Qe4 Qxe4 {White
resigns} 0-1

[Event "Team 45 45 League T49"]
[Site "Internet Chess Club"]
[Date "2011.06.17"]
[Round "6"]
[White "bayoumicardio10"]
[Black "PJ"]
[Result "1-0"]
[WhiteElo "1672"]
[BlackElo "1686"]
[Opening "Scotch gambit: Dubois-Réti defense"]
[ECO "C55"]
[Time "14:00:32"]
[TimeControl "2700+45"]

1. e4 e5 2. Nf3 Nc6 3. d4 exd4 4. Bc4 Nf6 5. e5 d5 6. Bb5 Ne4 7. Nxd4 Bd7 8.
Bxc6 bxc6 9. O-O Bc5 10. f3 Ng5 11. f4 Ne6 12. Be3 Bxd4 13. Bxd4 c5 14. Be3 d4
15. Bd2 Bc6 16. Na3 O-O 17. Nc4 Qd5 18. Qe2 Rad8 19. f5 d3 20. cxd3 Nd4 21. Qg4
h5 22. Qg5 f6 23. exf6 Rxf6 24. Rae1 Nxf5 25. Re5 Ng3 26. Qxg3 Rxf1+ 27. Kxf1
Rf8+ 28. Ke2 Re8 29. Rxe8+ Bxe8 30. Bc3 g6 31. Qf3 {Black resigns} 1-0

[Event "Team 45 45 League T49"]
[Site "Internet Chess Club"]
[Date "2011.06.19"]
[Round "6"]
[White "ElMarginal"]
[Black "Innes"]
[Result "0-1"]
[WhiteElo "1566"]
[BlackElo "1612"]
[Opening "Bishop's opening"]
[ECO "C23"]
[Time "17:04:10"]
[TimeControl "2700+45"]

1. e4 e5 2. Bc4 b5 3. Bxb5 c6 4. Bc4 d5 5. exd5 cxd5 6. Bb5+ Bd7 7. Nc3 Bxb5 8.
Nxb5 Nf6 9. Nf3 e4 10. Qe2 a6 11. Nbd4 Bc5 12. Nb3 Bd6 13. d3 O-O 14. dxe4 dxe4
15. Nfd4 Re8 16. Bg5 Be5 17. c3 Nbd7 18. Nc6 Qc7 19. Nxe5 Qxe5 20. O-O Qxg5 21.
Nd4 Ne5 22. h3 Rad8 23. Qxa6 Nf3+ 24. Nxf3 exf3 25. g3 Ne4 26. Kh2 Rd2 27. Qb6
Qxg3+ {White resigns} 0-1

[Event "Team 45 45 League T49"]
[Site "Internet Chess Club"]
[Date "2011.06.20"]
[Round "6"]
[White "gandre"]
[Black "Timotheous"]
[Result "1-0"]
[WhiteElo "1758"]
[BlackElo "1768"]
[Opening "Trompowsky attack (Ruth, Opocenský opening)"]
[ECO "A45"]
[Time "19:00:16"]
[TimeControl "2700+45"]

1. d4 Nf6 2. Bg5 Ne4 3. Bf4 d6 4. Nd2 Nf6 5. e4 Nbd7 6. Ngf3 g6 7. Be2 Bg7 8. h3
O-O 9. O-O b6 10. c3 c5 11. e5 Nd5 12. Bg3 dxe5 13. dxe5 Nc7 14. Qb3 Bb7 15.
Rad1 Ne6 16. Rfe1 Qc8 17. Bc4 Nb8 18. Bh4 Nc6 19. Bb5 Re8 20. Bg3 Na5 21. Qc2 a6
22. Bxe8 Qxe8 23. Nh2 Qc6 24. f3 b5 25. Nb3 Nc4 26. Ng4 Qc7 27. Nd2 Nb6 28. b3
Nd7 29. f4 Qc6 30. Nf3 h5 31. Ngh2 Bh6 32. f5 Ng5 33. fxg6 fxg6 34. e6 Nf8 35.
Nxg5 Bxg5 36. Nf3 Bf6 37. Be5 Qxe6 38. Bxf6 Qxf6 39. Rf1 Kg7 40. Qd2 Ne6 41. Nd4
Qe5 42. Rde1 Be4 43. Nxe6+ Qxe6 44. Re3 Qc6 45. Rfe1 Bf5 46. Rxe7+ Kg8 47. Qh6
Qf6 48. Qh7+ Kf8 49. Rf1 Qxe7 50. Qh8+ Kf7 51. Qxa8 Qe3+ 52. Kh1 Qe2 53. Qf3
Qxf3 54. Rxf3 Ke6 55. b4 cxb4 56. cxb4 Kd5 57. Rc3 Be4 58. Kg1 Kd4 59. Rc5 Bd5
60. a3 Bc4 61. Rc6 Kc3 62. Rxg6 Kb3 63. Rxa6 {Black resigns} 1-0

[Event "Team 45 45 League T49"]
[Site "Internet Chess Club"]
[Date "2011.06.18"]
[Round "6"]
[White "kidcobra"]
[Black "MCJR"]
[Result "1-0"]
[WhiteElo "1648"]
[BlackElo "1447"]
[Opening "English: Caro-Kann defensive system"]
[ECO "A11"]
[Time "09:56:12"]
[TimeControl "2700+45"]

1. c4 c6 2. Nc3 d5 3. cxd5 cxd5 4. d4 Nf6 5. e3 Bf5 6. Bb5+ Nc6 7. Nf3 e6 8. O-O
Bd6 9. Re1 O-O 10. Bd3 Ne4 11. a3 Nxc3 12. bxc3 Bxd3 13. Qxd3 Qf6 14. e4 dxe4
15. Qxe4 Rac8 16. Bg5 Qg6 17. Qxg6 hxg6 18. Nd2 Na5 19. Ne4 Bb8 20. Be7 Rfe8 21.
Bb4 Nc4 22. Red1 Red8 23. Nd2 Nxd2 24. Rxd2 Bd6 25. g3 Bxb4 26. axb4 a6 27. Rc1
b5 28. Rcc2 Rd5 29. f4 Kf8 30. Kf2 g5 31. Ke3 gxf4+ 32. gxf4 Ke7 33. Rg2 g6 34.
c4 bxc4 35. Rc3 Rh5 36. Rcc2 Kd6 37. Ra2 Rc6 38. Rac2 Rb5 39. Rg4 Rxb4 40. Rh4
Rb3+ 41. Kd2 Rd3+ 42. Ke2 Rxd4 43. Ke3 Rd5 44. Rh7 Ke7 45. Rh8 a5 46. Ra8 Rd3+
47. Ke2 Ra3 48. Ra7+ Kf6 49. Rd2 c3 50. Rdd7 Ra2+ 51. Kf3 Kg7 52. Rxf7+ Kh6 53.
Rh7# {Black checkmated} 1-0

[Event "Team 45 45 League T49"]
[Site "Internet Chess Club"]
[Date "2011.06.22"]
[Round "6"]
[White "tourettes"]
[Black "Ivio"]
[Result "1/2-1/2"]
[WhiteElo "1489"]
[BlackElo "1724"]
[Opening "French: King's Indian attack"]
[ECO "C00"]
[Time "15:11:34"]
[TimeControl "2700+45"]

1. e4 e6 2. d3 d5 3. Nd2 dxe4 4. Nxe4 Nd7 5. Ne2 Ngf6 6. N2c3 Bb4 7. Bg5 h6 8.
Bd2 e5 9. g3 Nxe4 10. dxe4 Nf6 11. Bg2 Bg4 12. f3 Be6 13. a3 Ba5 14. Be3 Bxc3+
15. bxc3 Qxd1+ 16. Rxd1 O-O 17. O-O Bc4 18. Rf2 Rfd8 19. Rfd2 Rxd2 20. Rxd2 Re8
21. h3 b6 22. g4 Kf8 23. Bf1 Bxf1 24. Kxf1 Ke7 25. Ke2 Rd8 26. Rxd8 Kxd8 27. Kd3
Kd7 28. c4 c5 29. f4 exf4 30. Bxf4 Ke6 31. Bb8 a5 32. Bf4 g5 33. Bg3 h5 34. gxh5
Nxh5 {Game drawn by mutual agreement} 1/2-1/2

[Event "Team 45 45 League T49"]
[Site "Internet Chess Club"]
[Date "2011.06.16"]
[Round "6"]
[White "Monsieur"]
[Black "krysto"]
[Result "0-1"]
[WhiteElo "1502"]
[BlackElo "1621"]
[Opening "French: advance, Milner-Barry gambit"]
[ECO "C02"]
[Time "21:03:41"]
[TimeControl "2700+45"]

1. e4 e6 2. d4 d5 3. e5 c5 4. c3 Nc6 5. Nf3 Qb6 6. Bd3 cxd4 7. cxd4 Bd7 8. Bc2
Rc8 9. Nc3 Bb4 10. O-O Nge7 11. Na4 Qc7 12. a3 Ba5 13. b4 Bb6 14. Nxb6 Qxb6 15.
Bb2 a5 16. Bc3 Qc7 17. Bd2 axb4 18. axb4 Nxb4 19. Bb1 Nbc6 20. Ng5 h6 21. Nf3
Nf5 22. g4 Nfxd4 23. Nxd4 Nxd4 24. Ba5 Qxe5 25. Bd3 O-O 26. Bd2 Bb5 27. f4 Qd6
28. Be3 Bxd3 29. Qxd3 Nc6 30. Qb5 Qe7 31. Bc5 Qh4 32. Bxf8 Qxg4+ 33. Kh1 Nd4 34.
Qd3 Rc2 35. Qg3 Qxg3 36. hxg3 Kxf8 37. Rab1 b5 38. Rb4 Rc4 39. Rfb1 Ne2 40. Rxb5
Rc1+ 41. Kg2 Rxb1 42. Rxb1 Nc3 43. Rc1 Ne4 44. Kf3 Ke7 45. Rc7+ Kf6 46. Rd7 g6
47. g4 h5 48. g5+ Kg7 49. Rd8 Nd2+ 50. Ke3 Nc4+ 51. Kd4 h4 52. Ra8 h3 53. Ra1
Nd6 54. Rh1 Ne4 55. Ke5 Nf2 56. Rh2 Ng4+ {White resigns} 0-1

[Event "Team 45 45 League T49"]
[Site "Internet Chess Club"]
[Date "2011.06.20"]
[Round "6"]
[White "milesotoole"]
[Black "vollmerj"]
[Result "0-1"]
[WhiteElo "1511"]
[BlackElo "1778"]
[Opening "Alekhine's defense: exchange variation"]
[ECO "B03"]
[Time "22:24:32"]
[TimeControl "2700+45"]

1. e4 Nf6 2. e5 Nd5 3. d4 d6 4. c4 Nb6 5. exd6 cxd6 6. Nc3 Nc6 7. Be3 g6 8. Rc1
Bg7 9. b3 O-O 10. d5 Ne5 11. Be2 Bf5 12. f4 Nexc4 13. bxc4 Rc8 14. Na4 Nxa4 15.
Qxa4 a6 16. Nf3 Bb2 17. Rd1 b5 18. Qb4 Bg7 19. Nd4 bxc4 20. Nc6 Qd7 21. Bxc4 e6
22. O-O exd5 23. Bxd5 Be6 24. Qb6 Bxd5 25. Rxd5 Rxc6 26. Qb4 Rfc8 27. Rdd1 Qe6
28. Qd2 Rc2 {White resigns} 0-1

[Event "Team 45 45 League T49"]
[Site "Internet Chess Club"]
[Date "2011.06.25"]
[Round "6"]
[White "Fatman"]
[Black "ddlj81"]
[Result "1-0"]
[WhiteElo "1779"]
[BlackElo "1743"]
[Opening "Giuoco Pianissimo"]
[ECO "C55"]
[Time "14:00:29"]
[TimeControl "2700+45"]

1. e4 e5 2. Nf3 Nc6 3. Bc4 Nf6 4. d3 Bc5 5. c3 a6 6. Bb3 d6 7. Nbd2 O-O 8. Nf1
Ne7 9. Ng3 Ng6 10. h4 Ng4 11. d4 exd4 12. cxd4 Bb4+ 13. Bd2 Bxd2+ 14. Qxd2 Qf6
15. Qg5 Qxg5 16. hxg5 Nf4 17. O-O c5 18. e5 cxd4 19. exd6 d3 20. Rae1 Ne6 21.
Bxe6 Bxe6 22. Nd4 Bc4 23. Re4 d2 24. Rd1 Rae8 25. Rxd2 Rxe4 26. Nxe4 Re8 27. d7
Rd8 28. Nf3 Bb5 29. Nc5 b6 30. a4 Bc6 31. Nxa6 Rxd7 32. Rxd7 Bxd7 33. b3 f6 34.
Nc7 fxg5 35. Nd5 b5 36. axb5 Bxb5 37. Nxg5 Ne5 38. Nc3 Bd7 39. b4 h6 40. Nge4
Kf8 41. Kf1 Ke7 42. Ke2 Kd8 43. Ke3 Kc7 44. Kd4 Nc6+ 45. Kc5 Ne5 46. Nd5+ Kd8
47. b5 Nd3+ 48. Kb6 g5 49. Ndf6 Bc8 50. Ka7 Nb4 51. Nd6 Be6 52. Nfe4 Kd7 53. Nb7
Bc4 54. Nbc5+ Kd8 55. Na6 Bxb5 56. Nxb4 Bf1 57. g3 Bg2 58. Nf6 Ke7 59. Ng8+ Ke6
60. Nxh6 Bf3 61. Kb6 Kf6 62. Nd3 Be4 63. Nc5 Bf3 64. Nd7+ Ke6 65. Nf7 g4 66.
Ng5+ Kxd7 67. Nxf3 gxf3 68. Kc5 Ke6 69. Kd4 Kf5 70. Ke3 Kg4 71. Ke4 {Black
resigns} 1-0

[Event "Team 45 45 League T49"]
[Site "Internet Chess Club"]
[Date "2011.06.18"]
[Round "6"]
[White "parrot9"]
[Black "noblitz-oblige"]
[Result "1/2-1/2"]
[WhiteElo "1572"]
[BlackElo "1652"]
[Opening "Ruy Lopez: Graz variation"]
[ECO "C70"]
[Time "09:02:07"]
[TimeControl "2700+45"]

1. e4 e5 2. Nf3 Nc6 3. Bb5 a6 4. Ba4 b5 5. Bb3 Bc5 6. O-O Nf6 7. d3 h6 8. h3 O-O
9. c3 d6 10. Re1 Ne7 11. d4 exd4 12. cxd4 Bb4 13. Nc3 Ng6 14. a3 Ba5 15. Bc2 Re8
16. b4 Bb6 17. Be3 c6 18. Rc1 a5 19. e5 axb4 20. axb4 dxe5 21. Bxg6 fxg6 22.
Nxe5 Qd6 23. Ne2 Bb7 24. Qb3+ Kh7 25. Qd3 Rxe5 26. Bf4 Bxd4 27. Qxd4 Qxd4 28.
Nxd4 Rxe1+ 29. Rxe1 Nd5 30. Bd6 Rd8 31. Bc5 {Game drawn by mutual agreement}
1/2-1/2

[Event "Team 45 45 League T49"]
[Site "Internet Chess Club"]
[Date "2011.06.20"]
[Round "6"]
[White "Freitac"]
[Black "VietLion"]
[Result "1-0"]
[WhiteElo "1938"]
[BlackElo "1897"]
[Opening "Benoni: fianchetto, 9...Nbd7"]
[ECO "A64"]
[Time "16:30:13"]
[TimeControl "2700+45"]

1. d4 Nf6 2. c4 c5 3. d5 e6 4. Nc3 exd5 5. cxd5 d6 6. g3 g6 7. Bg2 Bg7 8. Nf3
O-O 9. O-O Nbd7 10. a4 a6 11. Nd2 Nh5 12. Nce4 Ndf6 13. Nxf6+ Bxf6 14. Nc4 Bd4
15. a5 f5 16. e3 Bg7 17. Bd2 Qe7 18. Bc3 Nf6 19. Qc2 Bd7 20. Nb6 Rae8 21. b4 Bb5
22. Rfd1 cxb4 23. Bxb4 Nd7 24. Rac1 Nxb6 25. axb6 Rd8 26. Qb3 Rc8 27. Qa3 Qd7
28. Bxd6 Rxc1 29. Rxc1 Rc8 30. Rxc8+ Qxc8 31. Bc7 Bf8 32. Qb3 Bd6 33. h4 Qd7 34.
Qc3 Bf8 35. Qf6 a5 36. d6 Ba6 37. Bd5+ {Black resigns} 1-0

[Event "Team 45 45 League T49"]
[Site "Internet Chess Club"]
[Date "2011.06.18"]
[Round "6"]
[White "toukon"]
[Black "chessattack1"]
[Result "1-0"]
[WhiteElo "1707"]
[BlackElo "1811"]
[Opening "QGD semi-Slav: 5.e3"]
[ECO "D45"]
[Time "12:33:10"]
[TimeControl "2700+45"]

1. d4 d5 2. c4 c6 3. Nc3 Nf6 4. Nf3 e6 5. e3 Bd6 6. Bd3 O-O 7. O-O Nbd7 8. e4
dxc4 9. Bxc4 b5 10. Bxe6 Bxh2+ 11. Nxh2 fxe6 12. e5 Nd5 13. Nxd5 cxd5 14. Qg4
Nb6 15. Bh6 Qe7 16. b3 Kh8 17. Be3 Bd7 18. Nf3 Be8 19. Ng5 Bf7 20. Qh3 h6 21.
Rac1 Kg8 22. Nxf7 Qxf7 23. Rc6 Rfe8 24. Rfc1 Rac8 25. Qg4 Rxc6 26. Rxc6 Rc8 27.
Qxe6 Qxe6 28. Rxe6 Rc2 29. Re7 Rxa2 30. Rb7 Ra3 31. e6 Kf8 32. Bf4 Nc8 33. Rb8
Ke7 34. Rxc8 Kxe6 35. Rc6+ Kf5 36. Be5 Rxb3 37. Ra6 Rb1+ 38. Kh2 g5 39. f3 g4
40. fxg4+ Kxg4 41. Rxa7 b4 42. Rb7 b3 43. Rb5 b2 44. Bd6 Kf5 45. Ba3 Ke4 46.
Rxb2 Rxb2 47. Bxb2 Kd3 48. Kg3 Kc2 49. Ba1 Kb1 50. Kf4 {Black resigns} 1-0

[Event "Team 45 45 League T49"]
[Site "Internet Chess Club"]
[Date "2011.06.19"]
[Round "6"]
[White "AntonioMendonca"]
[Black "Achelous"]
[Result "1-0"]
[WhiteElo "1479"]
[BlackElo "1682"]
[Opening "Sicilian defense"]
[ECO "B20"]
[Time "17:20:40"]
[TimeControl "2700+45"]

1. e4 c5 2. b3 e5 3. Bb2 Qc7 4. Nc3 Nf6 5. Bd3 a6 6. a4 Nc6 7. Nge2 Be7 8. O-O
O-O 9. f4 exf4 10. Nxf4 Bd6 11. Nfd5 Nxd5 12. Nxd5 Bxh2+ 13. Kh1 Qd6 14. Qg4 Be5
15. Bxe5 Nxe5 16. Qf4 Re8 17. Rf3 Re6 18. Rg3 b6 19. Be2 Bb7 20. c4 Bxd5 21.
exd5 Rf6 22. Qe3 a5 23. Re1 Ng6 24. Bg4 Ne7 25. Qxe7 Rf1+ 26. Kh2 Qh6+ 27. Rh3
Qf4+ 28. Rg3 Qh6+ 29. Rh3 Qf4+ 30. Rg3 Rxe1 31. Qxe1 h5 32. Kh3 hxg4+ 33. Rxg4
Qf5 34. Qe4 Qxe4 35. Rxe4 Kf8 36. Kg3 d6 37. Kf4 Re8 38. d3 g6 39. Kg5 Rd8 40.
Kf6 Re8 41. g4 Rxe4 42. dxe4 Ke8 43. e5 dxe5 44. Kxe5 f5 45. gxf5 g5 46. f6 Kf7
47. Kf5 g4 48. Kxg4 Kxf6 49. Kf4 Kf7 50. Kf5 Ke7 51. Ke5 Kd7 52. d6 Kd8 53. Ke6
Ke8 54. d7+ Kd8 55. Kd6 b5 56. cxb5 {Black resigns} 1-0

[Event "Team 45 45 League T49"]
[Site "Internet Chess Club"]
[Date "2011.06.16"]
[Round "6"]
[White "ElMarginal"]
[Black "quotha"]
[Result "0-1"]
[WhiteElo "1581"]
[BlackElo "1680"]
[Opening "English opening"]
[ECO "A21"]
[Time "15:00:50"]
[TimeControl "2700+45"]

1. c4 e5 2. Nc3 Be7 3. g3 Nf6 4. Bg2 O-O 5. Qb3 c6 6. Nf3 d6 7. d4 e4 8. Ng5 d5
9. cxd5 cxd5 10. Bf4 Nc6 11. Rd1 Na5 12. Qc2 h6 13. h4 hxg5 14. hxg5 Ng4 15. f3
Bxg5 16. fxg4 Bxf4 17. gxf4 Bxg4 18. Nxe4 Bf5 19. Qc3 dxe4 20. Kf2 Re8 21. Rdg1
e3+ 22. Kf1 Rc8 23. Qe1 Nc4 24. Bh3 Nd2+ 25. Kg2 Be4+ 26. Kh2 Rc6 27. Bg2 Ree6
28. Bxe4 Nxe4 29. Rg2 Qd6 30. Kg1 Qxf4 31. Rh4 Qf5 32. Rgh2 Rg6+ 33. Kh1 Nf2+
34. Qxf2 Rc1+ {White resigns} 0-1

[Event "Team 45 45 League T49"]
[Site "Internet Chess Club"]
[Date "2011.06.20"]
[Round "6"]
[White "randallsr"]
[Black "koni"]
[Result "1/2-1/2"]
[WhiteElo "1749"]
[BlackElo "1893"]
[Opening "Réti opening"]
[ECO "A04"]
[Time "14:01:06"]
[TimeControl "2700+45"]

1. Nf3 d6 2. c4 e5 3. d3 f5 4. Bg5 Be7 5. Qd2 Bxg5 6. Qxg5 Qxg5 7. Nxg5 Nf6 8.
Nc3 h6 9. Nf3 g5 10. h3 c6 11. e3 Be6 12. Be2 Na6 13. a3 Nc7 14. b4 Kf7 15. a4
Nd7 16. Kd2 d5 17. c5 Kf6 18. Nh2 a5 19. Rhb1 Rhb8 20. d4 Na6 21. b5 Nb4 22. b6
Re8 23. Bh5 Bf7 24. Bxf7 Kxf7 25. Rf1 exd4 26. exd4 Nf6 27. f3 Nh5 28. Rf2 Nf4
29. Nf1 Nbd3 30. g3 Nxf2 31. gxf4 Nxh3 32. Ng3 Kf6 33. Rh1 g4 34. fxg4 fxg4 35.
Nce2 Re7 36. f5 Rae8 37. Nh5+ Kg5 38. Neg3 Re3 39. f6 Rf3 40. Ng7 Ree3 41. N3f5
Rd3+ 42. Kc2 Kxf6 43. Re1 Nf4 44. Re5 Rf2+ 45. Kc1 Rc3+ 46. Kb1 Rb3+ 47. Ka1 Rh3
48. Ne8+ Kg5 49. Ne7+ Kh4 50. Nf5+ Kh5 51. Ne7+ Kh4 52. Nf5+ Kg5 53. Ne7+ Kh4
54. Nf5+ {Game drawn by repetition} 1/2-1/2

[Event "Team 45 45 League T49"]
[Site "Internet Chess Club"]
[Date "2011.06.15"]
[Round "6"]
[White "BigH"]
[Black "Goli"]
[Result "1/2-1/2"]
[WhiteElo "1845"]
[BlackElo "1770"]
[Opening "King's Indian: fianchetto, classical main line"]
[ECO "E69"]
[Time "14:00:31"]
[TimeControl "2700+45"]

1. c4 Nf6 2. Nf3 g6 3. d4 Bg7 4. g3 O-O 5. Bg2 d6 6. Nc3 c6 7. O-O Nbd7 8. e4 e5
9. h3 h6 10. Be3 Kh7 11. Qc2 Nh5 12. dxe5 Nxe5 13. Nxe5 dxe5 14. Bc5 Rg8 15.
Rad1 Qe8 16. Bd6 Be6 17. c5 Rd8 18. Qa4 a6 19. Qb4 Rd7 20. Na4 f5 21. Nb6 Rf7
22. Qc3 fxe4 23. Bxe5 Bxh3 24. Bxg7 Bxg2 25. Kxg2 Rfxg7 26. Rd6 Re7 27. Qe3 Qf7
28. Rh1 Qf5 29. Kf1 Qf3 30. Qxf3 exf3 31. Rd3 Rf8 32. g4 Ng7 33. Rh3 Re2 34. Nc4
Re4 35. Nd6 Rxg4 36. Rhxf3 Rxf3 37. Rxf3 Rg5 38. Rf7 Kg8 39. Rxb7 Rxc5 40. Rb8+
{Game drawn by mutual agreement} 1/2-1/2